Influenza vs Sewer Rats
(R1)
Created - 13 décembre 2016 at 21:24
Goals
|
| Influenza |
1 |
3 |
3 |
7 |
| Sewer Rats |
1 |
1 |
3 |
5 |
|
Shots
|
| Influenza |
6 |
12 |
12 |
30 |
| Sewer Rats |
16 |
7 |
11 |
34 |
|
1st period
1. Influenza , Ryan Carter 8 (T.J Galiardi, Jeremy Morin) at 11:01
2. Sewer Rats , Jared Boll 12 (Vojtech Polak, Jonathan Marchessault) at 12:05
Penalties :
Corey Tropp (VJB) for Checking from behind (Minor) at 3:06, Jared Boll (Tol) for Holding (Minor) at 7:40, Jonathan Marchessault (Tol) for Tripping (Minor) at 13:47, Richard Jackman (Tol) for Roughing (Minor) at 14:25, Jeremy Morin (VJB) for Holding (Minor) at 19:22
2nd period
3. Sewer Rats , Kyle Turris 5 (Zach Boychuk) at 0:34 (PP)
4. Influenza , Evgeny Grachev 12 (Ben Smith) at 0:54
5. Influenza , Oskars Bartulis 1 (Evgeny Grachev, Carl Gunnarsson) at 5:21
6. Influenza , Matt Corrente 5 (Jamie Benn) at 12:25 (PP)
Penalties :
Zach Boychuk (Tol) for Hooking (Minor) at 11:54, Mark Mancari (Tol) for Holding (Minor) at 13:03, Matt Lashoff (Tol) for Roughing (Minor) at 18:11, Richard Jackman (Tol) for Hooking (Minor) at 18:33
3rd period
7. Influenza , John Klingberg 1 (Matt Corrente) at 0:16 (PP)
8. Influenza , Ryan Carter 9 (T.J Galiardi, Jeremy Morin) at 1:20
9. Sewer Rats , Mark Mancari 12 (Kyle Turris) at 1:53
10. Sewer Rats , Mark Mancari 13 (Zach Boychuk, Kyle Quincey) at 3:55
11. Sewer Rats , Vojtech Polak 12 (Jared Boll, Jonathan Marchessault) at 8:01
12. Influenza , Robbie Earl 16 (Jeremy Morin, Charlie Coyle) at 19:12
Penalties :
Mattias Ekholm (Tol) for Delaying the game (Minor) at 4:59, Jeremy Morin (VJB) for Slashing (Minor) at 12:02
Goalie Stats
Thomas McCollum (VJB), 29 saves from 34 shots - (0,853), W, 12-4-1, 60:00 minutes
Brad Thiessen (Tol), 12 saves from 15 shots - (0,800), L, 3-5-0, 27:35 minutes
Richard Bachman (Tol), 11 saves from 15 shots - (0,733), 32:25 minutes
Players Stats for Influenza
Player Name G A P +/- PIM S H SB GA TA FO MP PP MP PK MP
------------------------------------------------------------------------------------
Ben Smith 0 1 1 0 0 2 4 2 0 1 3/3 16:45 0:00 3:15
Carl Gunnarsson 0 1 1 3 0 0 1 2 0 1 0/0 19:56 4:05 1:51
Charlie Coyle 0 1 1 1 0 3 1 0 0 0 5/6 10:45 0:34 1:23
Corey Tropp 0 0 0 0 2 2 1 0 0 0 0/0 7:12 0:00 0:00
Evgeny Grachev 1 1 2 0 0 2 5 0 0 1 14/31 19:47 6:15 0:00
Jamie Benn 0 1 1 0 0 0 1 0 1 0 0/1 21:57 6:21 1:40
Jeff May 0 0 0 -1 0 0 2 1 0 2 1/1 17:27 7:12 0:01
Jeremy Morin 0 3 3 2 4 1 1 0 0 0 0/0 13:21 1:57 0:00
John Klingberg 1 0 1 -1 0 3 2 0 2 1 0/0 29:39 7:05 3:18
Mark Scheifele 0 0 0 -1 0 1 1 0 0 0 4/7 16:53 4:53 1:00
Martins Karsums 0 0 0 -1 0 0 1 2 0 0 0/0 16:27 4:49 0:00
Mathieu Carle 0 0 0 0 0 0 0 0 0 0 0/0 0:00 0:00 0:00
Matt Corrente 1 1 2 0 0 2 4 0 0 2 0/0 29:51 7:05 3:18
Oskars Bartulis 1 0 1 2 0 2 0 0 0 0 0/0 12:40 0:00 0:00
Robbie Earl 1 0 1 0 0 5 0 1 0 0 0/1 16:50 4:49 0:00
Ryan Carter 2 0 2 1 0 4 1 1 0 0 6/16 13:22 0:00 3:02
Ryan Russell 0 0 0 0 0 1 0 0 0 0 0/0 7:48 0:00 0:00
T.J Galiardi 0 2 2 1 0 2 0 0 0 0 0/0 9:48 0:00 0:00
Tim Erixon 0 0 0 -1 0 0 0 0 0 0 0/0 14:19 0:45 1:52
Players Stats for Sewer Rats
Player Name G A P +/- PIM S H SB GA TA FO MP PP MP PK MP
------------------------------------------------------------------------------------
Daniel Carr 0 0 0 0 0 0 0 0 0 0 0/0 3:21 0:00 2:05
Derek Dorsett 0 0 0 -2 0 3 1 0 0 0 1/1 10:14 0:00 0:00
Dmitrij Jaskin 0 0 0 0 0 0 0 0 1 0 0/0 6:44 0:00 0:00
Evan Brophey 0 0 0 0 0 0 0 0 0 0 0/2 6:44 0:00 0:00
Jared Boll 1 1 2 2 2 3 0 1 2 1 0/0 15:04 2:05 0:55
Jarred Tinordi 0 0 0 2 0 0 0 1 0 0 0/0 12:01 0:00 3:24
Joel Edmundson 0 0 0 0 0 0 0 0 0 0 0/0 6:57 0:00 1:38
John Lammers 0 0 0 -2 0 2 0 1 0 0 0/1 10:43 0:00 0:06
Jonathan Marchessault 0 2 2 2 2 1 1 0 0 0 5/12 13:14 2:05 0:11
Jonathan Racine 0 0 0 0 0 0 0 0 0 0 0/0 5:19 0:00 0:00
Kyle Quincey 0 1 1 2 0 0 0 2 0 0 0/0 8:47 0:00 0:32
Kyle Turris 1 1 2 -1 0 5 2 1 1 0 15/32 19:34 3:05 1:36
Mark Mancari 2 0 2 -1 2 4 2 2 0 1 5/9 22:51 3:05 5:20
Matt Lashoff 0 0 0 -3 2 6 2 3 1 0 0/0 26:45 3:29 5:48
Mattias Ekholm 0 0 0 0 2 0 1 0 0 1 0/0 17:20 1:41 3:01
Nick Cousins 0 0 0 0 0 0 0 0 0 0 0/0 0:00 0:00 0:00
Patrick Bordeleau 0 0 0 0 0 0 1 0 0 0 0/0 6:44 0:00 0:00
Richard Jackman 0 0 0 -3 4 3 0 2 0 0 0/0 26:07 3:29 4:52
Steven Kampfer 0 0 0 0 0 3 0 1 0 0 0/0 17:05 1:41 3:09
Tom Sestito 0 0 0 0 0 0 0 0 0 0 0/0 0:08 0:00 0:00
Vincent Trocheck 0 0 0 -2 0 0 1 0 0 0 5/6 11:16 0:00 1:02
Vojtech Polak 1 1 2 2 0 3 1 0 0 0 0/0 13:04 2:05 0:00
William Karlsson 0 0 0 0 0 0 0 0 0 0 0/1 4:00 0:00 3:27
Zach Boychuk 0 2 2 -1 2 1 1 1 3 0 2/2 21:42 3:05 4:34
3 Stars
1 - Ryan Carter (VJB)
2 - Vojtech Polak (Tol)
3 - Evgeny Grachev (VJB)
Power Play
Influenza - 2 on 8 Attempt(s) - 25,00%
Sewer Rats - 1 on 3 Attempt(s) - 33,33%
Penalty Kill
Influenza - 2 on 3 Attempt(s) - 66,67%
- Score 0 goal in Penalty Kill
Sewer Rats - 6 on 8 Attempt(s) - 75,00%
- Score 0 goal in Penalty Kill
Team Stat
Influenza - Hits : 25 - Faceoff Wins : 33 - Blocked Shots : 9 - Penalty Minutes : 6
Sewer Rats - Hits : 13 - Faceoff Wins : 33 - Blocked Shots : 15 - Penalty Minutes : 16
Official
Referees : VanMassenhoven Don and StLaurent Francois
Linesman : Bryan Pancich and Derek Nansen
Game Notes
Brad Thiessen enters game at 12:25 of 2nd period
Finance
Level 1 -- Attendance: 1642 (82,10%) -- Ticket Income 49 260 $
Level 2 -- Attendance: 791 (79,10%) -- Ticket Income 9 492 $
Total Attendance: 2433 (81,10%)
Total Ticket Income: 58 752 $
Other Income: 2 938 $
Total Income: 61 690 $
Influenza
5 vs 5 Forward
Center Left Wing Right Wing Time % Phy DF OF
1 Evgeny Grachev Jamie Benn Ben Smith 40 1 2 2
2 Mark Scheifele Robbie Earl Martins Karsums 30 1 2 2
3 Ryan Carter T.J Galiardi Jeremy Morin 20 1 2 2
4 Charlie Coyle Ryan Russell Corey Tropp 10 1 2 2
5 vs 5 Defense
Defense Defense Time % Phy DF OF
1 John Klingberg Matt Corrente 40 1 2 2
2 Carl Gunnarsson Oskars Bartulis 30 1 2 2
3 Tim Erixon Jeff May 20 1 2 2
4 John Klingberg Matt Corrente 10 1 2 2
PowerPlay Forward
Center Left Wing Right Wing Time % Phy DF OF
1 Evgeny Grachev Jamie Benn Jeff May 60 1 2 2
2 Mark Scheifele Robbie Earl Martins Karsums 40 1 2 2
PowerPlay Defense
Defense Defense Time % Phy DF OF
1 John Klingberg Matt Corrente 60 1 2 2
2 Carl Gunnarsson Jeff May 40 1 2 2
Penalty Kill 4 Players Forward
Center Wing Time % Phy DF OF
1 Ryan Carter Ben Smith 60 1 2 2
2 Charlie Coyle Jamie Benn 40 1 2 2
Penalty Kill 4 Players Defense
Defense Defense Time % Phy DF OF
1 John Klingberg Matt Corrente 60 1 2 2
2 Carl Gunnarsson Tim Erixon 40 1 2 2
Penalty Kill - 3 Players Forward
Forward Time % Phy DF OF
1 Ryan Carter 60 1 2 2
2 Charlie Coyle 40 1 2 2
Penalty Kill - 3 Players Defense
Defense Defense Time % Phy DF OF
1 John Klingberg Matt Corrente 60 1 2 2
2 Carl Gunnarsson Tim Erixon 40 1 2 2
4 vs 4 Forward
Center Wing Time % Phy DF OF
1 Evgeny Grachev Ben Smith 60 1 2 2
2 Ryan Carter Jamie Benn 40 1 2 2
4 vs 4 Defense
Defense Defense Time % Phy DF OF
1 John Klingberg Matt Corrente 60 1 2 2
2 Carl Gunnarsson Oskars Bartulis 40 1 2 2
Last Minutes Offensive
Center Left Wing Right Wing Defense Defense
Evgeny Grachev Jamie Benn Martins Karsums John Klingberg Matt Corrente
Last Minutes Defensive
Center Left Wing Right Wing Defense Defense
Charlie Coyle Robbie Earl Jeremy Morin Carl Gunnarsson Matt Corrente
Goaltenders
Starting : Thomas McCollum
Backup : Olivier Roy
Extra Forwards
Normal : Mark Scheifele, Ben Smith, Martins Karsums - PP : Mark Scheifele, Evgeny Grachev - PK : Charlie Coyle
Extra Defensemen
Normal : Carl Gunnarsson, John Klingberg, Matt Corrente - PP : Carl Gunnarsson - PK : Carl Gunnarsson, Tim Erixon
Penalty Shots
Jamie Benn, Robbie Earl, Mark Scheifele, John Klingberg, Ryan Carter
Sewer Rats
5 vs 5 Forward
Center Left Wing Right Wing Time % Phy DF OF
1 Kyle Turris Zach Boychuk Mark Mancari 40 1 2 2
2 Jonathan Marchessault Vojtech Polak Jared Boll 30 1 2 2
3 Vincent Trocheck John Lammers Derek Dorsett 20 1 2 2
4 Evan Brophey Patrick Bordeleau Dmitrij Jaskin 10 1 2 2
5 vs 5 Defense
Defense Defense Time % Phy DF OF
1 Richard Jackman Matt Lashoff 40 1 2 2
2 Mattias Ekholm Steven Kampfer 30 1 2 2
3 Kyle Quincey Jarred Tinordi 20 1 2 2
4 Joel Edmundson Jonathan Racine 10 1 2 2
PowerPlay Forward
Center Left Wing Right Wing Time % Phy DF OF
1 Kyle Turris Zach Boychuk Mark Mancari 60 1 2 2
2 Jonathan Marchessault Vojtech Polak Jared Boll 40 1 2 2
PowerPlay Defense
Defense Defense Time % Phy DF OF
1 Richard Jackman Matt Lashoff 60 1 2 2
2 Mattias Ekholm Steven Kampfer 40 1 2 2
Penalty Kill 4 Players Forward
Center Wing Time % Phy DF OF
1 Mark Mancari Zach Boychuk 60 1 2 2
2 Kyle Turris Jared Boll 40 1 2 2
Penalty Kill 4 Players Defense
Defense Defense Time % Phy DF OF
1 Richard Jackman Matt Lashoff 60 1 2 2
2 Mattias Ekholm Steven Kampfer 40 1 2 2
Penalty Kill - 3 Players Forward
Forward Time % Phy DF OF
1 Mark Mancari 60 1 2 2
2 Zach Boychuk 40 1 2 2
Penalty Kill - 3 Players Defense
Defense Defense Time % Phy DF OF
1 Richard Jackman Matt Lashoff 60 1 2 2
2 Mattias Ekholm Steven Kampfer 40 1 2 2
4 vs 4 Forward
Center Wing Time % Phy DF OF
1 Mark Mancari Zach Boychuk 60 1 2 2
2 Kyle Turris Jared Boll 40 1 2 2
4 vs 4 Defense
Defense Defense Time % Phy DF OF
1 Richard Jackman Matt Lashoff 60 1 2 2
2 Mattias Ekholm Steven Kampfer 40 1 2 2
Last Minutes Offensive
Center Left Wing Right Wing Defense Defense
Kyle Turris Zach Boychuk Mark Mancari Richard Jackman Matt Lashoff
Last Minutes Defensive
Center Left Wing Right Wing Defense Defense
Kyle Turris Zach Boychuk Mark Mancari Richard Jackman Matt Lashoff
Goaltenders
Starting : Richard Bachman
Backup : Brad Thiessen
Extra Forwards
Normal : Tom Sestito, Daniel Carr, William Karlsson - PP : Tom Sestito, Daniel Carr - PK : William Karlsson
Extra Defensemen
Normal : Kyle Quincey, Jarred Tinordi, Joel Edmundson - PP : Kyle Quincey - PK : Jarred Tinordi, Joel Edmundson
Penalty Shots
Mark Mancari, Zach Boychuk, Kyle Turris, Jared Boll, Vojtech Polak
% Time on Ice - Influenza
Lines # - Real PCT - Wanted PCT - Time Play
Normal Forward
1 - 32% - 40% - 13:40
2 - 29% - 30% - 12:39
3 - 23% - 20% - 9:48
4 - 17% - 10% - 7:10
Normal Defense
1 - 43% - 40% - 18:39
2 - 32% - 30% - 14:04
3 - 22% - 20% - 9:41
4 - 2% - 10% - 0:53
PP Forward
1 - 57% - 60% - 6:21
2 - 43% - 40% - 4:49
PP Defense
1 - 63% - 60% - 7:05
2 - 37% - 40% - 4:05
PK Forward
1 - 81% - 60% - 4:12
2 - 19% - 40% - 0:58
PK Defense
1 - 64% - 60% - 3:19
2 - 36% - 40% - 1:51
PK3 Forward
1 - 0% - 60%
2 - 0% - 40%
PK3 Defense
1 - 0% - 60%
2 - 0% - 40%
44 Forward
1 - 0% - 60%
2 - 0% - 40%
44 Defense
1 - 0% - 60%
2 - 0% - 40%
Last Minute Offensive - 0:00
Last Minute Defensive - 0:23
Total
Forward - 60:00
Defense - 60:00
|
% Time on Ice - Sewer Rats
Lines # - Real PCT - Wanted PCT - Time Play
Normal Forward
1 - 32% - 40% - 14:01
2 - 28% - 30% - 12:13
3 - 24% - 20% - 10:14
4 - 16% - 10% - 6:44
Normal Defense
1 - 40% - 40% - 17:23
2 - 28% - 30% - 12:15
3 - 19% - 20% - 8:15
4 - 12% - 10% - 5:19
PP Forward
1 - 60% - 60% - 3:05
2 - 40% - 40% - 2:05
PP Defense
1 - 67% - 60% - 3:29
2 - 33% - 40% - 1:41
PK Forward
1 - 80% - 60% - 6:36
2 - 20% - 40% - 1:36
PK Defense
1 - 67% - 60% - 5:32
2 - 33% - 40% - 2:40
PK3 Forward
1 - 81% - 60% - 2:25
2 - 19% - 40% - 0:33
PK3 Defense
1 - 84% - 60% - 2:29
2 - 16% - 40% - 0:29
44 Forward
1 - 0% - 60%
2 - 0% - 40%
44 Defense
1 - 0% - 60%
2 - 0% - 40%
Last Minute Offensive - 0:28
Last Minute Defensive - 0:00
Total
Forward - 60:00
Defense - 60:00
|
Play by Play
1st period
0:01 of 1st period - Evgeny Grachev wins face-off versus Kyle Turris in neutral zone.
0:04 of 1st period - Richard Jackman is hit by Ben Smith and loses puck.
0:25 of 1st period - Jonathan Marchessault is hit by Matt Corrente.
0:36 of 1st period - Oskars Bartulis is hit by Jonathan Marchessault.
0:46 of 1st period - Slapshot by Richard Jackman.
0:46 of 1st period - Stopped by Thomas McCollum with a rebound.
0:48 of 1st period - Wrist shot by Matt Lashoff.
0:48 of 1st period - Stopped by Thomas McCollum with a rebound.
0:50 of 1st period - Slapshot by Matt Lashoff.
0:50 of 1st period - Stopped by Thomas McCollum with a rebound.
0:52 of 1st period - Slapshot by Matt Lashoff.
0:52 of 1st period - Stopped by Thomas McCollum with a rebound.
0:56 of 1st period - Snap shot by Derek Dorsett.
0:56 of 1st period - Stopped by Thomas McCollum with a rebound.
1:39 of 1st period - Wrist shot by Evgeny Grachev.
1:39 of 1st period - Deflect By Ben Smith.
1:39 of 1st period - Shot Blocked by Zach Boychuk.
1:39 of 1st period - Puck is out of play.
1:40 of 1st period - Mark Scheifele wins face-off versus Jonathan Marchessault in Sewer Rats zone.
1:45 of 1st period - Snap shot by Mark Scheifele.
1:45 of 1st period - Stopped by Richard Bachman without a rebound.
1:46 of 1st period - Mark Scheifele wins face-off versus Jonathan Marchessault in Sewer Rats zone.
1:55 of 1st period - Slapshot by Martins Karsums.
1:55 of 1st period - Deflect By Mark Scheifele.
1:55 of 1st period - Shot Misses the Net.
1:55 of 1st period - Puck is out of play.
1:56 of 1st period - Kyle Turris wins face-off versus Evgeny Grachev in Sewer Rats zone.
2:46 of 1st period - Snap shot by Ryan Russell.
2:46 of 1st period - Deflect By Corey Tropp.
2:46 of 1st period - Stopped by Richard Bachman without a rebound.
2:47 of 1st period - Charlie Coyle wins face-off versus Jonathan Marchessault in Sewer Rats zone.
3:04 of 1st period - Slapshot by Jared Boll.
3:04 of 1st period - Stopped by Thomas McCollum with a rebound.
3:06 of 1st period - Minor Penalty to Corey Tropp for Checking from behind.
3:07 of 1st period - Ryan Carter wins face-off versus Kyle Turris in Influenza zone.
3:18 of 1st period - Wrist shot by Mark Mancari.
3:18 of 1st period - Shot Blocked by Ben Smith.
3:20 of 1st period - Slapshot by Matt Lashoff.
3:20 of 1st period - Stopped by Thomas McCollum without a rebound.
3:21 of 1st period - Kyle Turris wins face-off versus Ryan Carter in Influenza zone.
3:48 of 1st period - Jonathan Marchessault is hit by John Klingberg and loses puck.
5:06 of 1st period - Penalty to Corey Tropp is over, Corey Tropp is back on ice.
5:45 of 1st period - Wrist shot by Charlie Coyle.
5:45 of 1st period - Shot Blocked by Jarred Tinordi.
5:47 of 1st period - Snap shot by Charlie Coyle.
5:47 of 1st period - Shot Blocked by John Lammers.
5:49 of 1st period - Snap shot by Charlie Coyle.
5:49 of 1st period - Shot Misses the Net.
6:25 of 1st period - Kyle Quincey is hit by Ben Smith and loses puck.
7:04 of 1st period - Snap shot by Jonathan Marchessault.
7:04 of 1st period - Stopped by Thomas McCollum without a rebound.
7:05 of 1st period - Kyle Turris wins face-off versus Evgeny Grachev in Influenza zone.
7:08 of 1st period - Snap shot by Mark Mancari.
7:08 of 1st period - Shot Blocked by Ben Smith.
7:10 of 1st period - Wrist shot by Steven Kampfer.
7:10 of 1st period - Stopped by Thomas McCollum without a rebound.
7:11 of 1st period - Kyle Turris wins face-off versus Evgeny Grachev in Influenza zone.
7:14 of 1st period - Wrist shot by Kyle Turris.
7:14 of 1st period - Stopped by Thomas McCollum without a rebound.
7:15 of 1st period - Kyle Turris wins face-off versus Evgeny Grachev in Influenza zone.
7:18 of 1st period - Wrist shot by Zach Boychuk.
7:18 of 1st period - Stopped by Thomas McCollum without a rebound.
7:19 of 1st period - Kyle Turris wins face-off versus Evgeny Grachev in Influenza zone.
7:35 of 1st period - Icing by Jamie Benn.
7:36 of 1st period - Evgeny Grachev wins face-off versus Jonathan Marchessault in Influenza zone.
7:40 of 1st period - Minor Penalty to Jared Boll for Holding.
7:41 of 1st period - Jeff May wins face-off versus Mark Mancari in Sewer Rats zone.
8:15 of 1st period - Slapshot by John Klingberg.
8:15 of 1st period - Shot Misses the Net.
8:17 of 1st period - Wrist shot by John Klingberg.
8:17 of 1st period - Shot Misses the Net.
9:40 of 1st period - Penalty to Jared Boll is over, Jared Boll is back on ice.
9:44 of 1st period - Richard Jackman is hit by Evgeny Grachev and loses puck.
9:55 of 1st period - Snap shot by Richard Jackman.
9:55 of 1st period - Shot Blocked by Carl Gunnarsson.
9:57 of 1st period - Slapshot by Matt Lashoff.
9:57 of 1st period - Shot Misses the Net.
9:59 of 1st period - Wrist shot by Kyle Turris.
9:59 of 1st period - Shot Misses the Net.
10:01 of 1st period - Slapshot by Matt Lashoff.
10:01 of 1st period - Stopped by Thomas McCollum with a rebound.
10:03 of 1st period - Wrist shot by Kyle Turris.
10:03 of 1st period - Shot Misses the Net.
10:41 of 1st period - Snap shot by Kyle Turris.
10:41 of 1st period - Stopped by Thomas McCollum with a rebound.
10:43 of 1st period - Snap shot by Kyle Turris.
10:43 of 1st period - Shot Misses the Net.
10:45 of 1st period - Snap shot by Matt Lashoff.
10:45 of 1st period - Stopped by Thomas McCollum without a rebound.
10:46 of 1st period - Derek Dorsett wins face-off versus Ryan Carter in Influenza zone.
10:59 of 1st period - Wrist shot by T.J Galiardi.
10:59 of 1st period - Shot Misses the Net.
11:01 of 1st period - Snap shot by Ryan Carter.
11:01 of 1st period - Goal by Ryan Carter - Influenza : 1 - Sewer Rats : 0.
11:02 of 1st period - Vincent Trocheck wins face-off versus Evgeny Grachev in neutral zone.
11:19 of 1st period - Mattias Ekholm is hit by Ben Smith and loses puck.
11:32 of 1st period - Wrist shot by T.J Galiardi.
11:32 of 1st period - Stopped by Richard Bachman without a rebound.
11:33 of 1st period - Jonathan Marchessault wins face-off versus Ryan Carter in Sewer Rats zone.
11:41 of 1st period - Icing by Kyle Quincey.
11:42 of 1st period - Jonathan Marchessault wins face-off versus Evgeny Grachev in Sewer Rats zone.
11:53 of 1st period - Snap shot by Jared Boll.
11:53 of 1st period - Stopped by Thomas McCollum with a rebound.
11:55 of 1st period - Wrist shot by Jared Boll.
11:55 of 1st period - Shot Misses the Net.
12:03 of 1st period - Snap shot by Jared Boll.
12:03 of 1st period - Shot Misses the Net.
12:05 of 1st period - Wrist shot by Jared Boll.
12:05 of 1st period - Goal by Jared Boll - Influenza : 1 - Sewer Rats : 1.
12:06 of 1st period - Kyle Turris wins face-off versus Mark Scheifele in neutral zone.
12:17 of 1st period - Slapshot by John Klingberg.
12:17 of 1st period - Shot Blocked by Matt Lashoff.
12:31 of 1st period - Matt Lashoff is hit by Matt Corrente and loses puck.
13:14 of 1st period - Jeff May is hit by Zach Boychuk and loses puck.
13:37 of 1st period - Slapshot by Patrick Bordeleau.
13:37 of 1st period - Deflect By Dmitrij Jaskin.
13:37 of 1st period - Shot Blocked by Robbie Earl.
13:37 of 1st period - Puck is out of play.
13:38 of 1st period - Ben Smith wins face-off versus Jonathan Marchessault in Influenza zone.
13:38 of 1st period - Ben Smith is hit by Matt Lashoff.
13:47 of 1st period - Minor Penalty to Jonathan Marchessault for Tripping.
13:48 of 1st period - Evgeny Grachev wins face-off versus Mark Mancari in Sewer Rats zone.
13:52 of 1st period - Wrist shot by John Klingberg.
13:52 of 1st period - Shot Misses the Net.
13:54 of 1st period - Slapshot by Matt Corrente.
13:54 of 1st period - Stopped by Richard Bachman with a rebound.
13:56 of 1st period - Wrist shot by Evgeny Grachev.
13:56 of 1st period - Deflect By Jamie Benn.
13:56 of 1st period - Shot Misses the Net.
13:56 of 1st period - Puck is out of play.
13:57 of 1st period - Evgeny Grachev wins face-off versus Mark Mancari in Sewer Rats zone.
14:25 of 1st period - Minor Penalty to Richard Jackman for Roughing.
14:26 of 1st period - Mark Mancari wins face-off versus Robbie Earl in Sewer Rats zone.
14:26 of 1st period - Mark Mancari is hit by Matt Corrente.
14:57 of 1st period - Slapshot by John Klingberg.
14:57 of 1st period - Deflect By Matt Lashoff.
14:57 of 1st period - Stopped by Richard Bachman with a rebound.
15:47 of 1st period - Penalty to Jonathan Marchessault is over, Jonathan Marchessault is back on ice.
16:25 of 1st period - Penalty to Richard Jackman is over, Richard Jackman is back on ice.
16:29 of 1st period - John Klingberg is hit by Mark Mancari and loses puck.
17:46 of 1st period - Charlie Coyle is hit by Kyle Turris and loses puck.
18:26 of 1st period - Matt Lashoff is hit by Ryan Carter.
18:38 of 1st period - Jamie Benn is hit by Patrick Bordeleau and loses puck.
18:42 of 1st period - Icing by Evgeny Grachev.
18:43 of 1st period - Evgeny Grachev wins face-off versus Evan Brophey in Influenza zone.
19:22 of 1st period - Minor Penalty to Jeremy Morin for Holding.
19:23 of 1st period - Kyle Turris wins face-off versus Ryan Carter in Influenza zone.
Goals for this period are 1 for Influenza vs 1 for Sewer Rats.
Shots for this period are 6 for Influenza vs 16 for Sewer Rats.
2nd period
0:01 of 2nd period - Zach Boychuk wins face-off versus Ryan Carter in neutral zone.
0:06 of 2nd period - Slapshot by Richard Jackman.
0:06 of 2nd period - Stopped by Thomas McCollum without a rebound.
0:07 of 2nd period - Zach Boychuk wins face-off versus Ryan Carter in Influenza zone.
0:08 of 2nd period - Slapshot by Kyle Turris.
0:08 of 2nd period - Stopped by Thomas McCollum without a rebound.
0:09 of 2nd period - Ryan Carter wins face-off versus Kyle Turris in Influenza zone.
0:34 of 2nd period - Snap shot by Kyle Turris.
0:34 of 2nd period - Goal by Kyle Turris - Influenza : 1 - Sewer Rats : 2.
0:35 of 2nd period - Evgeny Grachev wins face-off versus Kyle Turris in neutral zone.
0:40 of 2nd period - Slapshot by Evgeny Grachev.
0:40 of 2nd period - Deflect By Richard Jackman.
0:40 of 2nd period - Shot Misses the Net.
0:40 of 2nd period - Puck is out of play.
0:41 of 2nd period - Kyle Turris wins face-off versus Evgeny Grachev in Sewer Rats zone.
0:46 of 2nd period - Snap shot by Ben Smith.
0:46 of 2nd period - Stopped by Richard Bachman without a rebound.
0:47 of 2nd period - Evgeny Grachev wins face-off versus Kyle Turris in Sewer Rats zone.
0:54 of 2nd period - Snap shot by Evgeny Grachev.
0:54 of 2nd period - Goal by Evgeny Grachev - Influenza : 2 - Sewer Rats : 2.
0:55 of 2nd period - Evgeny Grachev wins face-off versus Kyle Turris in neutral zone.
1:12 of 2nd period - Kyle Turris is hit by Ben Smith and loses puck.
1:51 of 2nd period - Wrist shot by Vojtech Polak.
1:51 of 2nd period - Stopped by Thomas McCollum with a rebound.
1:53 of 2nd period - Snap shot by Vojtech Polak.
1:53 of 2nd period - Shot Blocked by Martins Karsums.
1:55 of 2nd period - Slapshot by Vojtech Polak.
1:55 of 2nd period - Stopped by Thomas McCollum with a rebound.
2:13 of 2nd period - Wrist shot by Charlie Coyle.
2:13 of 2nd period - Stopped by Richard Bachman without a rebound.
2:14 of 2nd period - Jonathan Marchessault wins face-off versus Evgeny Grachev in Sewer Rats zone.
2:19 of 2nd period - Wrist shot by Evgeny Grachev.
2:19 of 2nd period - Stopped by Richard Bachman with a rebound.
3:10 of 2nd period - Zach Boychuk is hit by Corey Tropp and loses puck.
3:44 of 2nd period - Off-side.
3:45 of 2nd period - Jonathan Marchessault wins face-off versus Evgeny Grachev in neutral zone.
4:10 of 2nd period - Martins Karsums is hit by Mark Mancari and loses puck.
4:21 of 2nd period - Snap shot by Kyle Turris.
4:21 of 2nd period - Stopped by Thomas McCollum with a rebound.
4:37 of 2nd period - Jeff May is hit by Mattias Ekholm and loses puck.
5:10 of 2nd period - Snap shot by Robbie Earl.
5:10 of 2nd period - Stopped by Richard Bachman without a rebound.
5:11 of 2nd period - Kyle Turris wins face-off versus Evgeny Grachev in Sewer Rats zone.
5:19 of 2nd period - Slapshot by Oskars Bartulis.
5:19 of 2nd period - Stopped by Richard Bachman with a rebound.
5:21 of 2nd period - Slapshot by Oskars Bartulis.
5:21 of 2nd period - Deflect By Zach Boychuk.
5:21 of 2nd period - Goal by Oskars Bartulis - Influenza : 3 - Sewer Rats : 2.
5:22 of 2nd period - Ben Smith wins face-off versus Kyle Turris in neutral zone.
5:35 of 2nd period - Slapshot by Ben Smith.
5:35 of 2nd period - Stopped by Richard Bachman with a rebound.
5:37 of 2nd period - Snap shot by Evgeny Grachev.
5:37 of 2nd period - Shot Misses the Net.
5:47 of 2nd period - John Klingberg is hit by Vojtech Polak and loses puck.
7:31 of 2nd period - Jarred Tinordi is hit by Evgeny Grachev.
9:00 of 2nd period - Snap shot by Kyle Turris.
9:00 of 2nd period - Deflect By Mark Mancari.
9:00 of 2nd period - Stopped by Thomas McCollum without a rebound.
9:01 of 2nd period - Evgeny Grachev wins face-off versus Kyle Turris in Influenza zone.
9:24 of 2nd period - Snap shot by Kyle Turris.
9:24 of 2nd period - Shot Misses the Net.
9:32 of 2nd period - Snap shot by Zach Boychuk.
9:32 of 2nd period - Shot Misses the Net.
9:40 of 2nd period - Mattias Ekholm is hit by Jeff May and loses puck.
9:51 of 2nd period - Snap shot by Ryan Carter.
9:51 of 2nd period - Shot Blocked by Steven Kampfer.
10:21 of 2nd period - Vincent Trocheck is hit by Matt Corrente and loses puck.
10:41 of 2nd period - Wrist shot by John Klingberg.
10:41 of 2nd period - Deflect By Corey Tropp.
10:41 of 2nd period - Shot Blocked by Kyle Quincey.
10:41 of 2nd period - Puck is out of play.
10:42 of 2nd period - Charlie Coyle wins face-off versus Evan Brophey in Sewer Rats zone.
10:49 of 2nd period - Wrist shot by Corey Tropp.
10:49 of 2nd period - Shot Misses the Net.
10:51 of 2nd period - Slapshot by Carl Gunnarsson.
10:51 of 2nd period - Shot Misses the Net.
11:07 of 2nd period - Snap shot by Evgeny Grachev.
11:07 of 2nd period - Shot Blocked by Richard Jackman.
11:54 of 2nd period - Minor Penalty to Zach Boychuk for Hooking.
11:55 of 2nd period - Mark Mancari wins face-off versus Mark Scheifele in Sewer Rats zone.
12:25 of 2nd period - Slapshot by Matt Corrente.
12:25 of 2nd period - Goal by Matt Corrente - Influenza : 4 - Sewer Rats : 2.
12:25 of 2nd period - Brad Thiessen enters game.
12:26 of 2nd period - Evgeny Grachev wins face-off versus Kyle Turris in neutral zone.
12:26 of 2nd period - Evgeny Grachev is hit by Kyle Turris.
12:54 of 2nd period - Icing by Matt Lashoff.
12:55 of 2nd period - Mark Scheifele wins face-off versus Kyle Turris in Sewer Rats zone.
13:03 of 2nd period - Minor Penalty to Mark Mancari for Holding.
13:04 of 2nd period - Evgeny Grachev wins face-off versus William Karlsson in Sewer Rats zone.
13:53 of 2nd period - Mattias Ekholm is hit by Jeff May and loses puck.
15:03 of 2nd period - Penalty to Mark Mancari is over, Mark Mancari is back on ice.
15:19 of 2nd period - Slapshot by Ryan Carter.
15:19 of 2nd period - Deflect By Steven Kampfer.
15:19 of 2nd period - Stopped by Brad Thiessen with a rebound.
16:05 of 2nd period - Icing by Kyle Turris.
16:06 of 2nd period - Kyle Turris wins face-off versus Charlie Coyle in Sewer Rats zone.
16:21 of 2nd period - Snap shot by Corey Tropp.
16:21 of 2nd period - Stopped by Brad Thiessen with a rebound.
16:33 of 2nd period - Wrist shot by Robbie Earl.
16:33 of 2nd period - Shot Misses the Net.
17:50 of 2nd period - Kyle Turris is hit by Evgeny Grachev and loses puck.
18:07 of 2nd period - Snap shot by Ryan Carter.
18:07 of 2nd period - Stopped by Brad Thiessen without a rebound.
18:08 of 2nd period - Ryan Carter wins face-off versus Kyle Turris in Sewer Rats zone.
18:09 of 2nd period - Slapshot by T.J Galiardi.
18:09 of 2nd period - Shot Misses the Net.
18:11 of 2nd period - Minor Penalty to Matt Lashoff for Roughing.
18:12 of 2nd period - Mark Mancari wins face-off versus Evgeny Grachev in Sewer Rats zone.
18:25 of 2nd period - Snap shot by John Klingberg.
18:25 of 2nd period - Shot Blocked by Mark Mancari.
18:27 of 2nd period - Snap shot by Evgeny Grachev.
18:27 of 2nd period - Shot Misses the Net.
18:33 of 2nd period - Minor Penalty to Richard Jackman for Hooking.
18:34 of 2nd period - Evgeny Grachev wins face-off versus Mark Mancari in Sewer Rats zone.
Goals for this period are 3 for Influenza vs 1 for Sewer Rats.
Shots for this period are 12 for Influenza vs 7 for Sewer Rats.
3rd period
0:01 of 3rd period - Mark Mancari wins face-off versus Evgeny Grachev in neutral zone.
0:11 of 3rd period - Penalty to Matt Lashoff is over, Matt Lashoff is back on ice.
0:16 of 3rd period - Slapshot by John Klingberg.
0:16 of 3rd period - Goal by John Klingberg - Influenza : 5 - Sewer Rats : 2.
0:17 of 3rd period - Ben Smith wins face-off versus Kyle Turris in neutral zone.
0:26 of 3rd period - Slapshot by Richard Jackman.
0:26 of 3rd period - Stopped by Thomas McCollum with a rebound.
0:49 of 3rd period - Wrist shot by Robbie Earl.
0:49 of 3rd period - Stopped by Brad Thiessen with a rebound.
1:04 of 3rd period - Off-side.
1:05 of 3rd period - Ryan Carter wins face-off versus John Lammers in neutral zone.
1:20 of 3rd period - Wrist shot by Ryan Carter.
1:20 of 3rd period - Goal by Ryan Carter - Influenza : 6 - Sewer Rats : 2.
1:21 of 3rd period - Kyle Turris wins face-off versus Evgeny Grachev in neutral zone.
1:53 of 3rd period - Wrist shot by Mark Mancari.
1:53 of 3rd period - Goal by Mark Mancari - Influenza : 6 - Sewer Rats : 3.
1:54 of 3rd period - Jonathan Marchessault wins face-off versus Evgeny Grachev in neutral zone.
2:19 of 3rd period - Zach Boychuk is hit by Martins Karsums and loses puck.
2:30 of 3rd period - Wrist shot by Robbie Earl.
2:30 of 3rd period - Stopped by Brad Thiessen with a rebound.
2:44 of 3rd period - Wrist shot by T.J Galiardi.
2:44 of 3rd period - Deflect By John Lammers.
2:44 of 3rd period - Stopped by Brad Thiessen with a rebound.
3:04 of 3rd period - Slapshot by Charlie Coyle.
3:04 of 3rd period - Stopped by Brad Thiessen with a rebound.
3:24 of 3rd period - Jared Boll is hit by Jamie Benn.
3:45 of 3rd period - Off-side.
3:46 of 3rd period - Kyle Turris wins face-off versus Mark Scheifele in neutral zone.
3:51 of 3rd period - Snap shot by Mark Mancari.
3:51 of 3rd period - Stopped by Thomas McCollum with a rebound.
3:55 of 3rd period - Snap shot by Zach Boychuk.
3:55 of 3rd period - Deflect By Mark Mancari.
3:55 of 3rd period - Goal by Mark Mancari - Influenza : 6 - Sewer Rats : 4.
3:56 of 3rd period - Kyle Turris wins face-off versus Evgeny Grachev in neutral zone.
4:15 of 3rd period - Jamie Benn is hit by Matt Lashoff and loses puck.
4:59 of 3rd period - Minor Penalty to Mattias Ekholm for Delaying the game.
5:00 of 3rd period - Mark Mancari wins face-off versus Evgeny Grachev in Sewer Rats zone.
5:12 of 3rd period - Wrist shot by Zach Boychuk.
5:12 of 3rd period - Shot Blocked by Jeff May.
5:18 of 3rd period - Mark Mancari is hit by Mark Scheifele and loses puck.
5:51 of 3rd period - Jarred Tinordi is hit by John Klingberg and loses puck.
6:45 of 3rd period - Richard Jackman is hit by Carl Gunnarsson and loses puck.
6:56 of 3rd period - Richard Jackman is hit by Jeremy Morin.
6:59 of 3rd period - Penalty to Mattias Ekholm is over, Mattias Ekholm is back on ice.
7:21 of 3rd period - John Lammers is hit by Charlie Coyle and loses puck.
7:28 of 3rd period - Wrist shot by Ryan Russell.
7:28 of 3rd period - Stopped by Brad Thiessen without a rebound.
7:29 of 3rd period - Charlie Coyle wins face-off versus Jonathan Marchessault in Sewer Rats zone.
7:30 of 3rd period - Wrist shot by Corey Tropp.
7:30 of 3rd period - Shot Blocked by Jared Boll.
7:38 of 3rd period - Wrist shot by John Klingberg.
7:38 of 3rd period - Shot Misses the Net.
7:45 of 3rd period - Icing by Vojtech Polak.
7:46 of 3rd period - Evgeny Grachev wins face-off versus Jonathan Marchessault in Sewer Rats zone.
8:01 of 3rd period - Slapshot by Vojtech Polak.
8:01 of 3rd period - Goal by Vojtech Polak - Influenza : 6 - Sewer Rats : 5.
8:02 of 3rd period - Kyle Turris wins face-off versus Jamie Benn in neutral zone.
8:19 of 3rd period - Richard Jackman is hit by Evgeny Grachev and loses puck.
8:30 of 3rd period - Slapshot by Richard Jackman.
8:30 of 3rd period - Shot Blocked by Martins Karsums.
8:54 of 3rd period - Slapshot by John Klingberg.
8:54 of 3rd period - Stopped by Brad Thiessen without a rebound.
8:55 of 3rd period - Vincent Trocheck wins face-off versus Ryan Carter in Sewer Rats zone.
9:00 of 3rd period - Snap shot by Steven Kampfer.
9:00 of 3rd period - Deflect By Ryan Carter.
9:00 of 3rd period - Stopped by Thomas McCollum with a rebound.
9:04 of 3rd period - Snap shot by John Lammers.
9:04 of 3rd period - Stopped by Thomas McCollum without a rebound.
9:05 of 3rd period - Evgeny Grachev wins face-off versus Kyle Turris in Influenza zone.
9:32 of 3rd period - Slapshot by Steven Kampfer.
9:32 of 3rd period - Stopped by Thomas McCollum with a rebound.
9:34 of 3rd period - Wrist shot by John Lammers.
9:34 of 3rd period - Shot Misses the Net.
9:36 of 3rd period - Slapshot by Mattias Ekholm.
9:36 of 3rd period - Deflect By Derek Dorsett.
9:36 of 3rd period - Stopped by Thomas McCollum with a rebound.
9:38 of 3rd period - Snap shot by Derek Dorsett.
9:38 of 3rd period - Stopped by Thomas McCollum with a rebound.
9:40 of 3rd period - Snap shot by John Lammers.
9:40 of 3rd period - Stopped by Thomas McCollum with a rebound.
9:59 of 3rd period - Slapshot by Mattias Ekholm.
9:59 of 3rd period - Deflect By Vojtech Polak.
9:59 of 3rd period - Shot Blocked by Carl Gunnarsson.
9:59 of 3rd period - Puck is out of play.
10:00 of 3rd period - Mark Scheifele wins face-off versus Kyle Turris in Influenza zone.
11:21 of 3rd period - Slapshot by Ben Smith.
11:21 of 3rd period - Shot Blocked by Kyle Quincey.
11:39 of 3rd period - Snap shot by Martins Karsums.
11:39 of 3rd period - Shot Misses the Net.
11:41 of 3rd period - Snap shot by Martins Karsums.
11:41 of 3rd period - Shot Blocked by Kyle Turris.
12:02 of 3rd period - Minor Penalty to Jeremy Morin for Slashing.
12:03 of 3rd period - Ryan Carter wins face-off versus Kyle Turris in Influenza zone.
12:07 of 3rd period - Wrist shot by Ryan Carter.
12:07 of 3rd period - Shot Blocked by Mark Mancari.
14:02 of 3rd period - Penalty to Jeremy Morin is over, Jeremy Morin is back on ice.
17:36 of 3rd period - Wrist shot by Zach Boychuk.
17:36 of 3rd period - Deflect By Kyle Turris.
17:36 of 3rd period - Shot Misses the Net.
17:36 of 3rd period - Puck is out of play.
17:37 of 3rd period - Vincent Trocheck wins face-off versus Ryan Carter in Influenza zone.
17:38 of 3rd period - Backhand shot by John Lammers.
17:38 of 3rd period - Deflect By Ryan Russell.
17:38 of 3rd period - Shot Misses the Net.
17:38 of 3rd period - Puck is out of play.
17:39 of 3rd period - Vincent Trocheck wins face-off versus Ryan Carter in Influenza zone.
17:46 of 3rd period - Snap shot by Derek Dorsett.
17:46 of 3rd period - Shot Blocked by Ryan Carter.
18:11 of 3rd period - Richard Jackman is hit by Evgeny Grachev and loses puck.
18:18 of 3rd period - Wrist shot by Jamie Benn.
18:18 of 3rd period - Shot Misses the Net.
18:32 of 3rd period - Wrist shot by Mark Scheifele.
18:32 of 3rd period - Shot Blocked by Richard Jackman.
18:34 of 3rd period - Slapshot by Tim Erixon.
18:34 of 3rd period - Shot Blocked by Matt Lashoff.
18:58 of 3rd period - Slapshot by Tim Erixon.
18:58 of 3rd period - Shot Misses the Net.
19:00 of 3rd period - Slapshot by Robbie Earl.
19:00 of 3rd period - Stopped by Brad Thiessen without a rebound.
19:01 of 3rd period - Brent Sutter call a timeout for Sewer Rats.
19:01 of 3rd period - Charlie Coyle wins face-off versus Kyle Turris in Sewer Rats zone.
19:04 of 3rd period - Backhand shot by Robbie Earl.
19:04 of 3rd period - Deflect By Charlie Coyle.
19:04 of 3rd period - Stopped by Brad Thiessen without a rebound.
19:05 of 3rd period - Charlie Coyle wins face-off versus Kyle Turris in Sewer Rats zone.
19:08 of 3rd period - Snap shot by Jeremy Morin.
19:08 of 3rd period - Stopped by Brad Thiessen with a rebound.
19:10 of 3rd period - Wrist shot by Robbie Earl.
19:10 of 3rd period - Shot Blocked by Matt Lashoff.
19:12 of 3rd period - Snap shot by Robbie Earl.
19:12 of 3rd period - Goal by Robbie Earl - Influenza : 7 - Sewer Rats : 5.
19:13 of 3rd period - Vincent Trocheck wins face-off versus Ryan Carter in neutral zone.
19:24 of 3rd period - Slapshot by Richard Jackman.
19:24 of 3rd period - Deflect By Derek Dorsett.
19:24 of 3rd period - Shot Misses the Net.
19:24 of 3rd period - Puck is out of play.
19:25 of 3rd period - Ryan Carter wins face-off versus Vincent Trocheck in Influenza zone.
19:25 of 3rd period - Ryan Carter is hit by Vincent Trocheck.
19:39 of 3rd period - Matt Corrente is hit by Derek Dorsett and loses puck.
Goals for this period are 3 for Influenza vs 3 for Sewer Rats.
Shots for this period are 12 for Influenza vs 11 for Sewer Rats.
Back to the Top